 Dungeon Crawl Stone Soup version 0.28.0-43-g3370ac3207 (webtiles) character file.

Game seed: 14045491566771824624

44 Kaiern the Shooter (level 3, -4/31 HPs)
             Began as a Minotaur Hunter on Mar 20, 2022.
             Killed from afar by Natasha (10 damage)
             ... with a puff of flame
             ... on level 2 of the Dungeon.
             The game lasted 00:02:40 (1130 turns).

Kaiern the Shooter (Minotaur Hunter)                Turns: 1130, Time: 00:02:41

Health: -4/31      AC:  3    Str: 18    XL:     3   Next: 39%
Magic:  2/2        EV: 12    Int:  8    God:
Gold:   67         SH:  0    Dex: 10    Spells: 2/2 levels left

rFire   . . .      SeeInvis .   b - +0 short sword
rCold   . . .      Faith    .   (no shield)
rNeg    . . .      Spirit   .   c - +0 leather armour
rPois   .          Reflect  .   (helmet restricted)
rElec   .          Harm     .   (no cloak)
rCorr   .          Rampage  .   (no gloves)
Will    .....                   (no boots)
Stlth   +.........              (no amulet)
HPRegen 0.10/turn               (no ring)
MPRegen 0.08/turn               (no ring)

@: no status effects
A: horns 2, retaliatory headbutt
a: no special abilities


You were on level 2 of the Dungeon.
You visited 1 branch of the dungeon, and saw 2 of its levels.

You collected 67 gold pieces.

Inventory:

Hand Weapons
 a - a +1 shortbow
 b - a +0 short sword (weapon)
Missiles
 d - 11 arrows
 e - 4 poisoned darts
Armour
 c - a +0 leather armour (worn)
Scrolls
 f - a scroll of silence {unknown}
 h - a scroll of fear {unknown}
Potions
 g - a potion of flight {unknown}


   Skills:
 + Level 3.1 Fighting
 + Level 4.7 Bows
 + Level 1.6 Armour
 + Level 2.8 Dodging
 - Level 0.7 Stealth


You had 2 spell levels left.
You didn't know any spells.
Your spell library contained the following spells:

 Spells                   Type           Power      Damage    Failure   Level
 Static Discharge         Conj/Air       0%         N/A       61%         2
 Lightning Bolt           Conj/Air       0%         1d11      100%        5
 Maxwell's Capacitive Co  Air            0%         ∞         100%        8


Dungeon Overview and Level Annotations

Branches:
Dungeon (2/15)

Altars:

Annotations:
D:2 Natasha


Innate Abilities, Weirdness & Mutations

You have a pair of horns on your head.
You reflexively headbutt those who attack you in melee.


Message History

You kill the hobgoblin!
You shoot an arrow. The ball python hisses angrily.
The arrow hits the ball python but does no damage.
You shoot an arrow. The arrow hits the ball python.
You kill the ball python!
d - 7 arrows (gained 1)
d - 9 arrows (gained 2)
d - 10 arrows (gained 1)
d - 11 arrows (gained 1)
d - 13 arrows (gained 2)
There is a stone staircase leading up here.
Found 15 gold pieces.
Found a stone staircase leading up.
You now have 52 gold pieces (gained 11).
d - 14 arrows (gained 1)
A rat comes into view.
You shoot an arrow.
The arrow hits the rat but does no damage.
You shoot an arrow. The arrow hits the rat!
You kill the rat!
d - 13 arrows (gained 1)
d - 14 arrows (gained 1)
There is a stone staircase leading up here.
You now have 67 gold pieces (gained 15).
Found 8 gold pieces.
Natasha, Servant of Life and Death comes into view.
She is carrying a wand of flame (21).
Natasha hisses angrily.
Natasha zaps a wand.
The puff of flame hits you. Natasha casts a spell at you.
The magic dart hits you.
You shoot an arrow. The arrow barely misses Natasha.
You shoot an arrow. The arrow barely misses Natasha.
You shoot an arrow. The arrow closely misses Natasha.
Natasha zaps a wand.
The puff of flame hits you.
Natasha zaps a wand.
The puff of flame hits you!
* * * LOW HITPOINT WARNING * * *
b - a +0 short sword (weapon)
Natasha zaps a wand.
The puff of flame hits you!
You die...

#..................#
#..................##
#.###########.......#
###.# #......###.#
....# #.....<....#
##### #....#.#####
#....#... #....#####
#..@.# #.....h...#
#......$..#
#........(#
###......(# #.......#
#.......# #.......#


You could see Natasha.

Vanquished Creatures
  An adder (D:1)
  5 ball pythons
  3 bats (D:1)
  4 endoplasms (D:1)
  2 giant cockroaches (D:1)
  A goblin (D:1)
  5 hobgoblins
  3 jackals (D:1)
  A kobold (D:1)
  A quokka (D:2)
  A rat (D:2)
27 creatures vanquished.

Notes
Turn   | Place    | Note
-------+----------+-------------------------------------------
     0 | D:1      | Kaiern the Minotaur Hunter began the quest for the Orb.
     0 | D:1      | Reached XP level 1. HP: 18/18 MP: 0/0
   127 | D:1      | Reached XP level 2. HP: 13/25 MP: 1/1
   301 | D:1      | Reached skill level 1 in Armour
   939 | D:2      | Reached XP level 3. HP: 31/31 MP: 2/2
  1124 | D:2      | Noticed Natasha
  1130 | D:2      | Killed from afar by Natasha

Illustrated notes

Levels and vault maps discovered:
D:1:      giann_wishing_wells, layout_basic, minmay_hexomino_f4
D:2:      layout_basic, feat_on_display, uniq_natasha

Skill      XL: |  1  2 |
---------------+-------+-----
Armour         | 1 |  1.6
Fighting       | 3 |  3.1
Bows           | |  4.7
Dodging        | |  2.8
Stealth        | |  0.7

Action                   || total
-------------------------++-------
Melee: Short sword       ||    20
       Headbutt          ||     4
 Fire: Shortbow          ||    49
Armor: Leather armour    ||     4
Dodge: Dodged            ||    17
